Map: Void Training Stage 3

Players

Ratl - Winner!

  • Race: Protoss Protoss
  • Spawn Location: 6:00

Player 2

  • Race: Terran Terran
  • Spawn Location: 12:00

VOD

Have the link to the VOD?

Description

Time

  • Played on: Oct. 28, 2019, 9:59 a.m.
  • Length: 16:06
Show
View Real Time Build Order
Export as new Build Order

Ratl Protoss - Winner!

Build Orders:  

Get SALT Encoding   

  12  0:02  Probe (Chrono Boost)  
  13  0:12  Probe (Chrono Boost)  
  14  0:23  Pylon  
  14  0:26  Assimilator  
  14  0:28  Probe  
  15  0:41  Probe  
  16  0:53  Probe  
  17  1:03  Assimilator  
  17  1:05  Probe  
  18  1:13  Pylon  
  18  1:16  Gateway  
  18  1:18  Probe (Chrono Boost)  
  19  1:28  Probe (Chrono Boost)  
  20  1:33  Probe (Chrono Boost)  
  21  1:44  Probe  
  22  1:54  Forge  
  22  1:57  Pylon  
  22  2:05  Zealot (Chrono Boost)  
  24  2:22  Probe  
  25  2:24  Zealot (Chrono Boost)  
  27  2:46  Nexus  
  27  2:48  Assimilator  
  27  2:49  Pylon  
  27  2:50  Zealot  
  29  2:53  Pylon  
  29  3:17  Zealot  
  31  3:44  Probe, Zealot  
  32  3:58  Probe (Chrono Boost)  
  32  4:00  Probe (Chrono Boost)  
  34  4:09  Probe (Chrono Boost)  
  36  4:10  Probe (Chrono Boost)  
  36  4:11  Zealot  
  36  4:13  Probe (Chrono Boost)  
  36  4:15  Probe (Chrono Boost)  
  40  4:23  Probe  
  41  4:26  Probe, Cybernetics Core  
  41  4:28  Pylon  
  42  4:35  Probe  
  44  4:38  Probe, Zealot  
  46  4:47  Probe  
  46  4:50  Probe  
  48  5:02  Probe  
  48  5:05  Zealot  
  51  5:12  Twilight Council  
  51  5:25  Pylon  
  51  5:32  Zealot (Chrono Boost)  
  53  5:39  Robotics Facility  
  53  5:40  Probe (Chrono Boost)  
  54  5:52  Probe (Chrono Boost)  
  57  5:57  Probe (Chrono Boost), Zealot (Chrono Boost)  
  58  6:06  Probe  
  58  6:07  Stargate  
  58  6:09  Templar Archives  
  59  6:14  Robotics Facility  
  59  6:16  Zealot (Chrono Boost)  
  61  6:18  Probe  
  62  6:34  Zealot  
  62  6:35  Assimilator  
  64  6:41  Probe  
  65  6:51  Charge  
  65  6:53  Probe, Protoss Ground Weapons Level 1  
  66  7:01  Zealot  
  68  7:09  Psionic Storm  
  68  7:11  Protoss Air Weapons Level 1  
  64  7:28  Stalker  
  58  7:56  Stalker (Chrono Boost)  
  58  7:57  Nexus  
  60  8:12  Void Ray  
  64  8:18  High Templar  
  66  8:20  Immortal  
  70  8:32  Blink  
  70  8:33  Assimilator  
  70  8:38  Assimilator  
  70  8:43  Pylon  
  70  8:46  Pylon  
  70  8:50  Pylon  
  70  8:54  Pylon, Void Ray  
  74  8:56  Sentry (Chrono Boost)  
  74  8:58  Immortal  
  74  9:02  Protoss Ground Armor Level 1  
  80  9:13  Stalker (Chrono Boost)  
  82  9:18  Probe (Chrono Boost)  
  83  9:29  Probe (Chrono Boost)  
  84  9:32  Immortal  
  84  9:34  Probe (Chrono Boost)  
  84  9:36  Stalker (Chrono Boost)  
  84  9:38  Oracle  
  94  9:45  Probe  
  95  9:52  Protoss Air Armor Level 1  
  95  9:54  High Templar  
  95  9:57  Probe (Chrono Boost)  
  98  10:09  Probe (Chrono Boost)  
  98  10:11  Immortal  
  103  10:15  Phoenix  
  103  10:16  Probe (Chrono Boost)  
  106  10:23  Probe (Chrono Boost)  
  107  10:33  Resonating Glaives  
  108  10:35  Probe (Chrono Boost)  
  108  10:44  Probe (Chrono Boost)  
  106  10:50  Probe  
  97  11:02  Probe  
  96  11:10  Protoss Shields Level 1  
  94  11:42  Probe  
  94  11:46  Warp Gate  
  95  11:47  Zealot  
  95  11:54  Probe  
  98  11:58  Immortal  
  102  12:04  Observer  
  99  12:09  Oracle  
  99  12:14  Zealot  
  104  12:26  Observer  
  103  12:36  Dark Shrine  
  105  12:37  Immortal  
  105  12:39  Pylon  
  105  12:41  Zealot  
  105  12:42  Pylon  
  105  12:45  Fleet Beacon, Nexus  
  105  12:46  Void Ray  
  105  12:47  Robotics Bay  
  107  12:55  Assimilator  
  107  12:58  Assimilator  
  107  13:09  Zealot  
  109  13:19  Protoss Ground Weapons Level 2  
  109  13:29  Void Ray  
  113  13:36  Zealot  
  115  13:57  Pylon  
  115  13:59  Pylon  
  115  14:01  Probe (Chrono Boost)  
  117  14:11  Probe (Chrono Boost)  
  117  14:12  Void Ray  
  117  14:15  Probe (Chrono Boost)  
  121  14:19  Disruptor  
  125  14:26  Anion Pulse-Crystals  
  125  14:27  Probe  
  125  14:29  Gravitic Boosters  
  126  14:39  Probe  
  127  14:47  Dark Templar  
  129  14:53  Colossus  
  129  14:54  Disruptor  
  129  14:56  Tempest  
  143  15:05  Probe  
  144  15:17  Probe  
  145  15:29  Probe  
  145  15:30  Disruptor  
  149  15:41  Probe  
  156  15:53  Probe  
  157  16:01  Archon  
Show
View Real Time Build Order
Export as new Build Order

Player 2 Terran 

Build Orders:  

Get SALT Encoding   

  12  0:00  SCV  
  13  0:13  SCV  
  14  0:20  Supply Depot  
  14  0:25  SCV  
  15  0:42  SCV  
  16  0:44  Barracks  
  16  0:49  Refinery  
  16  0:54  SCV  
  17  1:06  SCV  
  18  1:17  Supply Depot  
  18  1:31  Marine  
  19  1:33  Barracks, Orbital Command  
  19  1:43  Refinery  
  19  1:49  Barracks Tech Lab  
  19  2:06  Marine  
  20  2:14  Supply Depot  
  20  2:24  Marine  
  21  2:31  Marine  
  22  2:43  Marine  
  23  2:47  Supply Depot  
  23  2:54  SCV  
  23  2:55  Marine  
  25  3:07  SCV, Marine  
  27  3:13  Engineering Bay  
  27  3:19  SCV  
  28  3:25  Marauder  
  30  3:31  SCV, Marine  
  32  3:43  SCV  
  32  3:47  Marauder  
  32  3:48  Supply Depot  
  35  3:55  SCV  
  36  3:56  Marine  
  37  4:08  Marauder  
  39  4:30  Marauder  
  41  6:35  Marine, SCV, Barracks Tech Lab  
  41  6:37  Factory  
  43  6:41  Factory  
  43  6:43  Missile Turret, Command Center  
  43  6:44  Missile Turret  
  43  6:47  Sensor Tower  
  43  6:49  Ghost Academy  
  43  6:52  Supply Depot  
  43  6:55  Barracks  
  43  7:06  Bunker  
  43  7:19  Marine  
  41  7:24  Starport  
  41  7:25  Armory, Factory Tech Lab  
  41  7:26  Factory Tech Lab  
  41  7:28  Marine  
  28  7:37  Marine  
  28  7:43  Barracks Reactor  
  29  7:47  Marauder  
  31  7:55  SCV  
  31  7:56  Marine  
  31  7:58  SCV  
  34  8:04  Starport Tech Lab, Refinery  
  34  8:07  SCV, Missile Turret  
  34  8:08  Marine  
  34  8:09  Missile Turret  
  34  8:10  SCV  
  34  8:12  Refinery  
  37  8:15  Marine  
  37  8:19  SCV  
  39  8:22  SCV, Raven  
  39  8:24  Marine  
  43  8:30  Bunker  
  43  8:31  SCV  
  43  8:33  Marine  
  45  8:34  SCV  
  46  8:42  Marine  
  46  8:43  SCV  
  46  8:46  SCV  
  49  8:52  Marauder  
  51  8:56  SCV  
  51  8:58  SCV  
  51  9:01  Ghost  
  55  9:05  Raven  
  55  9:08  SCV  
  58  9:11  SCV  
  58  9:14  Marauder  
  61  9:20  SCV  
  61  9:23  SCV  
  63  9:30  Marauder  
  65  9:32  SCV  
  65  9:35  SCV  
  67  9:44  SCV  
  67  9:47  SCV  
  68  9:56  SCV  
  68  9:59  SCV  
  70  10:01  Supply Depot  
  69  10:51  Marine  
  69  10:54  Medivac  
  69  10:55  Combat Shield, Stimpack  
  69  10:56  Marine, Terran Infantry Weapons Level 1  
  66  11:01  Marine, Starport  
  66  11:03  Fusion Core  
  52  11:04  Engineering Bay  
  52  11:09  Marauder  
  52  11:11  SCV, Marine, Armory  
  48  11:14  Supply Depot  
  48  11:16  Marine  
  41  11:19  Command Center  
  41  11:22  Marine  
  41  11:23  SCV  
  41  11:24  Medivac  
  36  11:31  Marauder  
  36  11:32  Marine  
  34  11:35  SCV  
  34  11:37  Marine  
  34  11:38  Starport Reactor  
  34  11:42  Marine  
  29  11:47  SCV  
  29  11:52  Marine  
  29  11:54  Raven  
  31  11:55  Marauder  
  31  11:57  Marine  
  31  11:59  SCV  
  35  12:02  Marine  
  30  12:09  Marine  
  30  12:11  SCV  
  30  12:14  Concussive Shells  
  32  12:16  Marine  
  32  12:20  Viking  
  34  12:28  Marauder  
  36  12:32  Marine  
  36  12:37  Raven  
  35  12:39  Viking  
  37  12:46  Marine  
  32  12:53  Marine  
  32  12:55  SCV  
  32  13:01  Hellion  
  32  13:08  Marine  
  32  13:10  SCV  
  25  13:13  SCV  
  25  13:15  Viking  
  21  13:22  SCV, Marine  
  21  13:25  SCV  
  21  13:33  Hellion  
  19  13:34  SCV  
  19  13:37  SCV  
  19  13:40  Marauder  
  13  13:56  SCV  
  13  13:59  SCV  
  13  14:01  Marine  
  12  14:08  SCV  
  12  14:11  SCV  
  11  14:18  Marine  
  10  14:25  Viking  
  8  14:53  SCV  
  8  15:05  SCV  
  5  15:17  SCV  
  5  15:29  SCV  
  1  15:57  Command Center  
Tags
 
Add a new tag
Caveats
  • Supply blocks, unpowered buildings, or Contaminate may cause inaccurate times.
  • Supply counts are checked every 10 seconds.